 Dungeon Crawl Stone Soup version 0.24.0-123-gd5b16e6ec5 (webtiles) character file.

Game seed: 17966639711703794648, levelgen mode: deterministic

1 Descartes the Grasshopper (level 1, 0/9 HPs)
             Began as a Spriggan Wanderer on Jan 18, 2020.
             Slain by a rat (3 damage)
             ... on level 1 of the Dungeon.
             The game lasted 00:01:07 (56 turns).

Descartes the Grasshopper (Spriggan Wanderer)         Turns: 56, Time: 00:01:08

Health: 0/9        AC:  2    Str: 10    XL:     1   Next: 16%
Magic:  5/5        EV: 15    Int: 13    God:
Gold:   28         SH:  0    Dex: 13    Spells: 4/5 levels left

rFire    . . .     SeeInvis +   a - +0 dagger
rCold    . . .     Gourm    .   (shield restricted)
rNeg     . . .     Faith    .   d - +0 robe
rPois    .         Spirit   .   (helmet restricted)
rElec    .         Reflect  .   (no cloak)
rCorr    .         Harm     .   (gloves unavailable)
MR       .....                  (boots unavailable)
Stlth    +.........             (no amulet)
HPRegen  0.03/turn              (no ring)
MPRegen  0.09/turn              (no ring)

@: very quick
A: very small, unfitting armour, see invisible, herbivore, speed 3, slow
metabolism 2
a: no special abilities


You were on level 1 of the Dungeon.
You were not hungry.

You visited 1 branch of the dungeon, and saw 1 of its levels.

You collected 28 gold pieces.

Inventory:

Hand Weapons
 a - a +0 dagger (weapon)
Armour
 d - a +0 robe (worn)
Potions
 c - a potion of curing
Comestibles
 f - a ration


   Skills:
 + Level 0.0 Short Blades
 - Level 1.0 Throwing
 + Level 0.1 Dodging
 + Level 0.1 Stealth
 + Level 2.7 Spellcasting
   Level 4.4 Translocations
   Level 1.3 Transmutations
 + Level 1.8 Earth Magic
   Level 1.3 Evocations


You had 4 spell levels left.
You knew the following spells:

 Your Spells              Type           Power        Failure   Level  Hunger
a - Sandblast             Erth           #.....       12%         1    #......

Your spell library contained the following spells:

 Spells                   Type           Power        Failure   Level  Hunger
 Passwall                 Tmut/Erth      #.......     19%         2    ###....
 Flame Tongue             Conj/Fire      #....        24%         1    #......
 Stone Arrow              Conj/Erth      #.....       45%         3    ###....
 Inner Flame              Hex/Fire       #.......     56%         3    ###....
 Petrify                  Tmut/Erth      #.......     77%         4    #####..
 Lee's Rapid Deconstruct  Erth           #.........   97%         5    ######.


Dungeon Overview and Level Annotations

Branches:
Dungeon (1/15)

Altars:


Innate Abilities, Weirdness & Mutations

You are very small and have problems with some larger weapons.
You are too small for most types of armour.
You have supernaturally acute eyesight. (SInv)
You are a herbivore.
You cover ground extremely quickly.
You need to consume almost no food.


Message History

You hit the frilled lizard.
The frilled lizard is heavily wounded.
The frilled lizard closely misses you.
You closely miss the frilled lizard.
The frilled lizard is heavily wounded.
You hit the frilled lizard.
You kill the frilled lizard!
The rat closely misses you.
You hit the rat but do no damage. The rat completely misses you.
You closely miss the rat. The rat barely misses you.
You barely miss the rat.
The frilled lizard hisses.
The rat bites you.
You are too injured to fight recklessly!
You are too injured to fight recklessly!
You are too injured to fight recklessly!
You hit the rat.
The rat is severely wounded.
The rat bites you.
You die...

..# # #.# #. #.##
## #.######..#####
#.###....##.....).
#.#.##r.......#
#.†#ll......#
#.@rlll....##
#[####l###..l.≈≈.
#.# ### .l≈≈≈≈≈
#.## +ll≈≈≈≈ #..#
.≈r≈≈≈ ###.#
.≈≈≈≈≈ ##.#.#
.≈≈≈.
#######....###
.....
.............+


You could see 6 frilled lizards and 2 rats.

Vanquished Creatures
  2 frilled lizards (D:1)
2 creatures vanquished.

Notes
Turn   | Place    | Note
-------+----------+-------------------------------------------
     0 | D:1      | Descartes the Spriggan Wanderer began the quest for the
                  | Orb.
     0 | D:1      | Descartes set off with the following items: a +0 dagger, a
                  | potion of curing, a +0 robe, a ration; and the following
                  | spells available to memorise: Sandblast, Passwall, Flame
                  | Tongue, Stone Arrow, Inner Flame, Petrify, Lee's Rapid
                  | Deconstruction
     0 | D:1      | Reached XP level 1. HP: 9/9 MP: 5/5
     2 | D:1      | Learned a level 1 spell: Sandblast
    56 | D:1      | Slain by a rat

Levels and vault maps discovered:
D:1:      minmay_arrival_jagged, layout_loops_corners, grunt_decor_cap,
          minmay_misc_feat_enclosed, minmay_lizard_pond

Action                   || total
-------------------------++-------
Melee: Dagger            ||    12
Armor: Robe              ||     1
Dodge: Dodged            ||     5
